 Dungeon Crawl Stone Soup version 0.22-a0-224-g8cf3520 (webtiles) character file.

28 RoseArtemis the Skirmisher (level 2, -4/27 HPs)
             Began as a Minotaur Fighter on Feb 20, 2018.
             Was an Initiate of Okawaru.
             Killed from afar by Sigmund (5 damage)
             ... with a magic dart
             ... on level 2 of the Dungeon.
             The game lasted 00:05:27 (1047 turns).

RoseArtemis the Skirmisher (Minotaur Fighter)       Turns: 1047, Time: 00:05:28

Health: -4/27      AC:  8    Str: 20    XL:     2   Next: 96%
Magic:  1/1        EV:  5    Int:  5    God:    Okawaru [......]
Gold:   42         SH: 14    Dex:  9    Spells: 1/1 levels left

rFire    . . .     SeeInvis .   a - +0 war axe
rCold    . . .     Gourm    .   h - +0 large shield
rNeg     . . .     Faith    .   b - +1 scale mail
rPois    .         Spirit   .   (helmet restricted)
rElec    .         Reflect  .   (no cloak)
rCorr    .         Harm     .   (no gloves)
MR       .....                  (no boots)
Stlth    ..........             (no amulet)
HPRegen  0.09/turn              (no ring)
MPRegen  0.07/turn              (no ring)

@: no status effects
A: retaliatory headbutt, horns 2
a: Renounce Religion


You were on level 2 of the Dungeon.
You worshipped Okawaru.
Okawaru was noncommittal.
You were hungry.

You visited 1 branch of the dungeon, and saw 2 of its levels.

You collected 42 gold pieces.

Inventory:

Hand Weapons
 a - a +0 war axe (weapon)
Armour
 b - a +1 scale mail (worn)
 c - a +0 shield
 h - a +0 large shield (worn)
 j - a +1 pair of gloves
Jewellery
 l - a +2 ring of strength {unknown}
 n - a +3 ring of strength {unknown}
 p - a +2 ring of slaying {unknown}
Scrolls
 e - a scroll of fear {unknown}
 g - 2 scrolls of enchant armour
 i - a scroll of teleportation {unknown}
 m - a scroll of identify {unknown}
 o - a scroll of remove curse {unknown}
Potions
 d - a potion of might
 k - a potion of flight {unknown}
Comestibles
 f - a ration


   Skills:
 * Level 4.2 Fighting
 + Level 2.8 Axes
 + Level 3.9 Armour
 + Level 4.0 Shields


You had one spell level left.
You didn't know any spells.

Dungeon Overview and Level Annotations

Branches:
Dungeon (2/15)

Altars:
Okawaru

Annotations:
D:2 Sigmund


Innate Abilities, Weirdness & Mutations

You reflexively headbutt those who attack you in melee.
You have a pair of horns on your head.


Message History

You hear some strange, mumbled words.
You are confused.
Something hits you.
Found a stone staircase leading down.
Something hits you. Something hits you.
* * * LOW HITPOINT WARNING * * *
You feel less confused. Something hits you.
* * * LOW HITPOINT WARNING * * *
A bat comes into view.
Found a glowing grey potion and a club.
The bat hits you but does no damage.
Found 6 javelins of returning.
There is a stone staircase leading down here.
You can't go up here!
The bat hits you but does no damage.
A magic dart appears from out of thin air!
The magic dart hits you!
You die...

......#
.........#...# ..
.....
##.##.#.##.##.#
....#
#.##.#.##.##.##.#
#......##........
...##......#######
#.####.# #.####.#
#####...##.#
#@......##.#
.......b..)......#
...........##..##..
(.......##.# ..# .
...####.##.......
.. #........### .
#!#####).. #.. ....


You could see a bat.

Vanquished Creatures
  2 dart slugs (D:1)
  3 bats
  A goblin (D:2)
  4 hobgoblins (D:1)
  3 jackals (D:1)
  5 kobolds (D:1)
  3 frilled lizards
  A rat (D:2)
22 creatures vanquished.

Notes
Turn   | Place    | Note
-------+----------+-------------------------------------------
     0 | D:1      | RoseArtemis the Minotaur Fighter began the quest for the Orb.
     0 | D:1      | Reached XP level 1. HP: 19/19 MP: 0/0
   234 | D:1      | Reached XP level 2. HP: 24/27 MP: 1/1
   933 | D:2      | Found an iron altar of Okawaru.
   960 | D:2      | Became a worshipper of Warmaster Okawaru
  1024 | D:2      | Noticed Sigmund
  1043 | D:2      | HP: 1/27 [something (4)]
  1047 | D:2      | Killed from afar by Sigmund

Vault maps used:
D:1:      saegor_arrival_simple_d
D:2:      okawaru_metal_pillars_3, uniq_sigmund

Skill      XL: |  1  2 |
---------------+-------+-----
Fighting       | 4 |  4.2
Shields        | 4 |  4.0
Axes           | |  2.8
Armour         | |  3.9

Action                   || total
-------------------------++-------
Melee: War axe           ||    72
       Headbutt          ||     6
  Use: Scroll            ||     1
Armor: Scale mail        ||    26
Dodge: Dodged            ||    16
Block: Shield            ||     5
       Large shield      ||    49

Table legend:
 A = Spawn XP
 B = Non-spawn XP
 C = Spawn XP percentage of total XP
 D = Spawn monster count
 E = Non-spawn monster count
 F = Spawn count percentage of total count
 G = Total turns spent on level
                    A         B        C        D         E        F      G
               +---------+---------+-------+---------+---------+-------+---------
         Total |       0 |      40 |   0.0 |       0 |      22 |   0.0 |  1047
               +---------+---------+-------+---------+---------+-------+---------
           D:1 |       0 |      34 |   0.0 |       0 |      18 |   0.0 |   933
           D:2 |       0 |       6 |   0.0 |       0 |       4 |   0.0 |   114
               +---------+---------+-------+---------+---------+-------+---------
